 Dungeon Crawl Stone Soup version 0.30-b1-5-g8e6c1be481 (webtiles) character file.

Game seed: 8446447266580376741

632 croobank the Firebug (level 7, -2/51 HPs)
             Began as a Demonspawn Fire Elementalist on May 4, 2023.
             Slain by a hound (4 damage)
             ... on level 4 of the Dungeon.
             The game lasted 00:46:58 (4905 turns).

croobank the Firebug (Demonspawn Fire Elementalist) Turns: 4905, Time: 00:46:59

Health: -2/51      AC:  3    Str:  8    XL:     7   Next: 24%
Magic:  7/12       EV: 13    Int: 19    God:
Gold:   169        SH:  0    Dex: 13    Spells: 9/12 levels left

rFire   + . .        r - +4 dagger (venom)
rCold   + . .        (no shield)
rNeg    . . .        y - +1 robe {Will+}
rPois   +            (helmet restricted)
rElec   +            (no cloak)
rCorr   +            (no gloves)
SInv    .            (no boots)
Will    +....        o - amulet of regeneration
Stlth   ++           (no ring)
HPRegen 1.08/turn    (no ring)
MPRegen 0.13/turn

%: no passive effects
@: lethally poisoned (-2 -> -4), resistant
A: horns 2, ignite blood 1, demonic magic 2
a: no special abilities


You were on level 4 of the Dungeon.
You visited 1 branch of the dungeon, and saw 4 of its levels.
You also visited: Sewer.

You collected 169 gold pieces.

Inventory:

Hand Weapons
 i - a +0 flail of protection
 r - a +4 dagger of venom (weapon)
 x - a +3 heavy long sword
 z - a +2 whip of electrocution
Missiles
 s - a curare-tipped dart
 u - 20 poisoned darts
Armour
 a - a +1 robe
 g - a +0 ring mail
 m - a +0 leather armour
 y - a +1 robe of willpower (worn)
Jewellery
 o - an amulet of regeneration (around neck)
 w - a +6 ring of strength
Scrolls
 c - a scroll of enchant armour
Potions
 b - 5 potions of magic
 d - 2 potions of might
 e - a potion of mutation
 f - a potion of berserk rage
 h - a potion of flight
 j - a potion of resistance
 k - a potion of cancellation {unknown}
 l - 3 potions of heal wounds {unknown}
 n - a potion of invisibility {unknown}
 p - 3 potions of curing {unknown}
 q - 2 potions of lignification {unknown}
 t - a potion of brilliance {unknown}


   Skills:
 + Level 2.6 Fighting
 * Level 0.8 Armour
 + Level 3.2 Dodging
 + Level 3.6 Stealth
 + Level 3.4 Spellcasting
 + Level 3.1 Conjurations
 + Level 4.0 Fire Magic


You had 9 spell levels left.
You knew the following spells:

 Your Spells              Type           Power      Damage    Failure   Level
a - Foxfire               Conj/Fire      64%        2x1d7     3%          1
b - Scorch                Fire           36%        2d6       4%          2

Your spell library contained the following spells:

 Spells                   Type           Power      Damage    Failure   Level
 Inner Flame              Hex/Fire       10%        N/A       19%         3
 Volatile Blastmotes      Fire/Tloc      20%        2d11      19%         3
 Cigotuvi's Dreadful Rot  Necr/Pois/Air  6%         N/A       22%         2
 Flame Wave               Conj/Fire      16%        2d7       32%         4
 Dispel Undead            Necr           3%         3d7       82%         4
 Death Channel            Necr           1%         N/A       100%        6


Dungeon Overview and Level Annotations

Branches:
Dungeon (4/15)              Sewer (visited)
 Temple: D:4-7

Altars:


Innate Abilities, Weirdness & Mutations

You have a pair of horns on your head.
Your demonic aura sometimes causes spilled blood to erupt in flames.
Spells you cast may paralyse nearby enemies.


Message History

Confirm with . or Enter, or press ? or * to list all spells.
Flames lash the centaur.
The centaur is lightly wounded.
The centaur's fire resistance burns away.
Malevolent energies surge around you.
The centaur shoots an arrow.
The arrow hits you! The hound bites you.
The centaur shoots an arrow.
The arrow hits you! The hound misses you.
You hit the hound.
The hound is severely wounded.
The centaur is no longer more vulnerable to fire.
The hound bites you. x2; The centaur unwields a +0 shortbow.
The centaur misses you. The centaur closely misses you.
Casting: Scorch (safe; 4% risk of failure)
Confirm with . or Enter, or press ? or * to list all spells.
Flames lash the scorpion but do no damage.
Malevolent energies surge around you.
The centaur suddenly stops moving!
The hound is no longer more vulnerable to fire.
The hound bites you. The scorpion stings you.
The helpless centaur fails to defend itself.
You puncture the centaur!
The centaur looks as sick as possible!
The centaur is severely wounded.
The hound barely misses you. The scorpion stings you.
* * * LOW HITPOINT WARNING * * *
You are poisoned.
The scorpion poisons you! The hound bites you.
* * * LOW HITPOINT WARNING * * *
Okay, then.
As you read the scroll labelled NETZOU GOHE, it crumbles to dust.
The scroll dissolves into smoke.
It was a scroll of fog.
You feel very sick. The hound closely misses you.
The scorpion stings you but does no damage.
It was a potion of resistance.
You feel protected.
You feel very sick. The hound barely misses you. The scorpion stings you.
* * * LOW HITPOINT WARNING * * *
The hound bites you.
You die...

............#
......?....###.#
...............# .
#.........#... .o ..
#...........# .. ...
#.#.#............ #. ..#
..............# # #. #.o
#..<..shc.### #.#.##.#
#.....§@....#####.#.#...
#.....>.§§§##.##..........
.....##.....## ...........
o.... ####### #..........
.... ########... ... #...
... #.go #... #...


You could see a centaur (paralysed, extremely poisoned), a scorpion and a hound.

Vanquished Creatures
  4 kobold brigands (Sewer)
  An orc priest (D:3)
  Jessica (D:3)
  Natasha (D:2)
  An orc wizard (D:3)
  7 gnolls
  5 adders
  An ufetubus (D:3)
  2 worms (D:2)
  3 dart slugs
  8 orcs (D:3)
  5 ball pythons
  6 bats
  10 endoplasms
  4 giant cockroaches
  9 goblins
  10 hobgoblins
  12 kobolds
  8 quokkas
  4 frilled lizards
  6 rats
108 creatures vanquished.

Vanquished Creatures (others)
  152 foxfires
152 creatures vanquished.

Grand Total: 260 creatures vanquished

Notes
Turn   | Place    | Note
-------+----------+-------------------------------------------
     0 | D:1      | croobank the Demonspawn Fire Elementalist began the quest
                  | for the Orb.
     0 | D:1      | Reached XP level 1. HP: 13/13 MP: 3/3
   209 | D:1      | Gained mutation: You have a pair of small horns on your
                  | head. [demonic ancestry]
   209 | D:1      | Reached XP level 2. HP: 19/19 MP: 0/5
   212 | D:1      | Learned a level 2 spell: Scorch
   641 | D:1      | Reached XP level 3. HP: 25/25 MP: 2/6
  1162 | D:1      | Reached skill level 3 in Fire Magic
  2052 | D:2      | Gained mutation: Spells you cast may paralyse adjacent
                  | enemies. [demonic ancestry]
  2052 | D:2      | Reached XP level 4. HP: 31/31 MP: 2/7
  2301 | D:2      | Reached skill level 1 in Fighting
  2943 | D:3      | Noticed Jessica
  2981 | D:3      | Killed Jessica
  3104 | D:3      | Noticed Natasha
  3116 | D:2      | Killed Natasha
  3117 | D:2      | Gained mutation: You have a pair of horns on your head.
                  | [demonic ancestry]
  3117 | D:2      | Reached XP level 5. HP: 32/37 MP: 5/8
  3470 | D:3      | Found a glowing drain.
  3481 | Sewer    | Entered a sewer
  3675 | Sewer    | Gained mutation: Your demonic aura sometimes causes spilled
                  | blood to erupt in flames. [demonic ancestry]
  3675 | Sewer    | Reached XP level 6. HP: 20/44 MP: 1/10
  4086 | Sewer    | Gained mutation: Spells you cast may paralyse nearby
                  | enemies. [demonic ancestry]
  4086 | Sewer    | Reached XP level 7. HP: 49/51 MP: 6/11
  4811 | D:3      | Reached skill level 4 in Fire Magic
  4905 | D:4      | HP: 2/51 [scorpion (3)]
  4905 | D:4      | Slain by a hound

Illustrated notes

Levels and vault maps discovered:
D:1:      matt_arrival_grand_opening, layout_rooms,
          chequers_serial_rivers_micro_e
D:2:      layout_loops_corners
D:3:      layout_loops_ring, gup_sewer_entry_pipe, uniq_jessica, uniq_natasha
D:4:      layout_rooms

Skill      XL: |  1  2  3  4  5  6  7 |
---------------+----------------------+-----
Stealth        | 2 3 |  3.6
Dodging        | 2 3 |  3.2
Fire Magic     | 3 4 |  4.0
Fighting       | 1 2 |  2.6
Conjurations   | 2 3 |  3.1
Spellcasting   | 3 |  3.4
Armour         | |  0.8

Action                     |  1- 3 |  4- 6 |  7- 9 || total
---------------------------+-------+-------+-------++-------
  Melee: Unarmed           |     1 |       |       ||     1
         Dagger            |     8 |    38 |     9 ||    55
         Headbutt          |     2 |     4 |     1 ||     7
   Cast: Foxfire           |    57 |    20 |     9 ||    86
         Scorch            |    20 |    41 |    16 ||    77
    Use: Scroll            |       |    11 |     1 ||    12
         Potion            |       |     1 |     1 ||     2
   Stab: Sleeping          |     1 |     1 |       ||     2
         Paralysed         |       |     7 |     6 ||    13
 Armour: Robe              |       |     5 |     4 ||     9
  Dodge: Dodged            |     7 |    29 |    18 ||    54
